 Dungeon Crawl Stone Soup version bcrawl-1.17.3 (webtiles) character file.

Game seed: 2205637581794301563

4251 Chiseanne the Prestidigitator (level 10, -3/76 HPs)
             Began as a Mummy Archaeologist on Oct 25, 2019.
             Was an Initiate of Gozag.
             Slain by a komodo dragon (20 damage)
             ... on level 7 of the Dungeon.
             The game lasted 00:17:45 (7945 turns).

Chiseanne the Prestidigitator (Mummy Archaeologist) Turns: 7945, Time: 00:17:45

Health: -3/76      AC: 17    Str: 15    XL:     10   Next: 10%
Magic:  16/16      EV:  7    Int: 17    God:    Gozag
Gold:   874        SH: 13    Dex: 10    Spells: 9/9 levels left

rFire    + + .     SeeInvis .   a - +3 Elemental Staff {rElec rF++ rC++ MR++ AC+5}
rCold    + + +     Gourm    .   b - +1 large shield {rF+}
rNeg     + + +     Faith    .   f - +0 ring mail
rPois    ∞         Spirit   .   p - +1 helmet
rElec    +         Reflect  .   n - +1 cloak
rCorr    .         Harm     .   (no gloves)
MR       +++..     Clarity  +   d - +1 pair of boots
Stlth    +.........             (no amulet)
HPRegen  0.22/turn              (no ring)
MPRegen  0.15/turn              (no ring)

@: no status effects
A: no food or potions, fire vulnerability, clarity, cold resistance 1, negative
energy resistance 3, torment resistance, unbreathing
a: Potion Petition, Call Merchant, Bribe Branch, Renounce Religion


You were on level 7 of the Dungeon.
You worshipped Gozag.
Gozag was pleased with you.
You were not hungry.

You visited 2 branches of the dungeon, and saw 8 of its levels.

You collected 1116 gold pieces.
You spent 165 gold pieces at shops.
You paid 77 gold pieces to Gozag.

Inventory:

Hand Weapons
 a - the +3 Elemental Staff (weapon) {rElec rF++ rC++ MR++ AC+5}

   It affects your AC (+5).
   It greatly protects you from fire.
   It greatly protects you from cold.
   It insulates you from electricity.
   It affects your resistance to hostile enchantments.
 s - a +3 war axe of venom
Missiles
 g - 1663 stones
 i - 1284 arrows
 k - 100 poisoned needles
 m - 14 curare-tipped needles
 o - 501 sling bullets
 q - 168 tomahawks (quivered)
 r - 347 bolts
Armour
 b - a +1 large shield of fire resistance (worn)
 d - a +1 pair of boots (worn)
 f - a +0 ring mail (worn)
 n - a +1 cloak (worn)
 p - a +1 helmet (worn)
Scrolls
 e - 2 scrolls of teleportation
 h - 5 scrolls of identify
 j - 5 scrolls of remove curse
 l - a scroll of enchant weapon


   Skills:
 * Level 6.2 Fighting
   Level 0.7(2.7) Maces & Flails
 * Level 4.2(4.3) Staves
 * Level 4.2 Armour
 - Level 3.9 Dodging
 - Level 2.6 Stealth
 * Level 2.9 Shields
 - Level 9.0 Evocations


You had 9 spell levels left.
You didn't know any spells.
Your spell library was empty.

Dungeon Overview and Level Annotations

Branches:
Dungeon (7/12)             Temple (1/1) D:4            Lair (0/6) D:7

Altars:
Ashenzari
Cheibriados
Dithmenos
Elyvilon
Fedhas
Gozag
Hepliaklqana
Kikubaaqudgha
Lugonu
Makhleb
Nemelex Xobeh
Okawaru
Qazlal
Ru
Sif Muna
Trog
Uskayaw
Vehumet
Wu Jian
Xom
Yredelemnul
The Shining One

Shops:
D:4 [   D:6 }

Annotations:
D:4 2 transporters, FluffGlitter's ghost, amateur CeHu


Innate Abilities, Weirdness & Mutations

You do not eat or drink.
Your flesh is vulnerable to fire.
You are immune to poison.
You possess an exceptional clarity of mind.
Your flesh is cold resistant. (rC+)
You are immune to negative energy. (rN+++)
You are immune to unholy pain and torment.
You can survive without breathing.


Message History

Your shield and ring mail prevent you from hitting the komodo dragon.
The komodo dragon is lightly wounded.
You block the komodo dragon's attack.
You slash the komodo dragon!
The komodo dragon is moderately wounded.
The komodo dragon bites you but does no damage.
The komodo dragon bites you!!
* * * LOW HITPOINT WARNING * * *
You see here a +0 shortbow.
The komodo dragon looks more healthy.
Wield which item (- for none, * to show all)? (? for menu, Esc to quit)
Your +3 war axe of venom stops dripping with poison.
a - the +3 Elemental Staff (weapon)
{rElec rF++ rC++ MR++ AC+5}
Found a ration.
Found 51 tomahawks.
You hit the komodo dragon but do no damage.
The komodo dragon is moderately wounded.
The komodo dragon bites you!!
You die...
Your body crumbles into a pile of gold.

.....##...#..8..#..# #.)#$......
..###.....##.!.##..####.##.......
#...####..#######...##..##.......
....## #..##.(.##......###.......
.....# #..#..8..#......###.......
...[<###.........................
......#####...................$..
.....># #......l......###......
......## #.....@....[..# ##.....
.......# #.............# #.....
.......# #.............# ..%..
.......## ##.............#
........# #...........%.#
........# #.............#
........# ##...........#
#.......# #..#.#.....# #.......#


You could see a komodo dragon.

Vanquished Creatures
  Pikel (D:5)
  A hippogriff (D:6)
  A water moccasin (D:5)
  Duvessa (D:5)
  2 ice beasts
  3 sky beasts
  2 slaves (D:5)
  2 orc warriors (D:6)
  2 phantoms
  6 ogres
  3 centaurs
  2 bullfrogs
  A gnoll sergeant (D:6)
  Dowan (D:5)
  4 scorpions
  4 killer bees (D:7)
  A quasit (D:5)
  3 crimson imps
  2 jellies
  7 hounds
  2 bullfrog skeletons
  An orc priest (D:4)
  3 orc wizards
  An iguana (D:3)
  9 worker ants
  2 hound zombies
  2 hound skeletons
  A howler monkey zombie (D:6)
  A worker ant zombie (D:7)
  8 gnolls
  9 adders
  2 river rats (D:6)
  4 worms
  4 dart slugs
  3 leopard geckos
  35 orcs
  3 ball pythons
  A giant cockroach (D:1)
  8 goblins
  12 hobgoblins
  4 jackals
  3 quokkas
  5 bats
  4 frilled lizards
  7 kobolds
  8 rats
191 creatures vanquished.

Vanquished Creatures (others)
  6 plants (D:7)
6 creatures vanquished.

Grand Total: 197 creatures vanquished

Notes
Turn   | Place    | Note
-------+----------+-------------------------------------------
     0 | D:1      | Chiseanne the Mummy Archaeologist began the quest for the
                  | Orb.
     0 | D:1      | Reached XP level 1. HP: 15/15 MP: 1/1
   405 | D:1      | Reached XP level 2. HP: 22/22 MP: 2/2
  1296 | D:2      | Reached XP level 3. HP: 19/29 MP: 3/3
  1454 | D:2      | Reached skill level 1 in Evocations
  1680 | D:2      | Reached skill level 2 in Evocations
  1680 | D:2      | Reached XP level 4. HP: 24/35 MP: 4/6
  1862 | D:2      | Reached skill level 3 in Evocations
  2367 | D:3      | Reached skill level 4 in Evocations
  2577 | D:3      | Reached XP level 5. HP: 26/41 MP: 8/8
  3135 | D:3      | Reached skill level 5 in Evocations
  3531 | D:3      | Noticed an ogre
  3548 | D:3      | Killed an ogre
  3548 | D:3      | Reached skill level 6 in Evocations
  3548 | D:3      | Reached XP level 6. HP: 47/47 MP: 10/10
  3593 | D:3      | Found a snail-covered altar of Cheibriados.
  3775 | D:4      | Noticed a sky beast
  3776 | D:4      | Found a staircase to the Ecumenical Temple.
  3800 | D:4      | Killed a sky beast
  3912 | Temple   | Entered the Ecumenical Temple
  4019 | Temple   | Became a worshipper of Gozag Ym Sagoz the Greedy
  4093 | D:4      | Reached XP level 7. HP: 51/52 MP: 12/12
  4124 | D:4      | Found Ypoekaha's Armour Emporium.
  4156 | D:4      | Reached skill level 7 in Evocations
  4919 | D:4      | Found a transporter.
  4921 | D:4      | Found a transporter.
  4922 | D:4      | Noticed FluffGlitter's ghost (amateur CeHu)
  4922 | D:4      | Identified the cursed +3 dire flail "Eskeca" {venom, rElec
                  | rF- Str-3 Int+8}
  5017 | D:5      | Entered Level 5 of the Dungeon
  5024 | D:5      | Reached skill level 8 in Evocations
  5262 | D:5      | Reached XP level 8. HP: 56/58 MP: 14/14
  5310 | D:5      | Reached skill level 9 in Evocations
  5362 | D:5      | Noticed Dowan
  5363 | D:5      | Noticed Duvessa
  5367 | D:5      | Killed Duvessa
  5372 | D:5      | Reached skill level 1 in Staves
  5376 | D:5      | Killed Dowan
  5376 | D:5      | Reached skill level 1 in Armour
  5517 | D:5      | Got a translucent flail
  5524 | D:5      | Identified the cursed +3 flail "Killer Klown's Peril"
                  | {crush, rElec Dex+3} (You found it on level 5 of the
                  | Dungeon)
  5602 | D:5      | Noticed Pikel
  5754 | D:5      | Killed Pikel
  5754 | D:5      | Reached XP level 9. HP: 66/66 MP: 15/15
  5837 | D:4      | Bought a +1 large shield of fire resistance for 165 gold
                  | pieces
  5970 | D:5      | Reached skill level 5 in Fighting
  6106 | D:6      | Reached skill level 1 in Shields
  6645 | D:6      | Found Tyuxkol's Gadget Boutique.
  7260 | D:7      | Got a fine buckler
  7288 | D:7      | Found a staircase to the Lair.
  7289 | D:7      | Noticed a komodo dragon
  7308 | D:7      | Identified the cursed +0 buckler of Insatiable Hunger {rF+
                  | Dex+3} (You found it on level 7 of the Dungeon)
  7516 | D:7      | Reached XP level 10. HP: 71/76 MP: 16/16
  7945 | D:7      | Slain by a komodo dragon

Skill      XL: |  1  2  3  4  5  6  7  8  9 |
---------------+----------------------------+-----
Fighting       | 2 3 4 6 |  6.2
Evocations     | 2 4 6 8 9 |  9.0
Staves         | 2 4 |  4.2
Armour         | 2 4 |  4.2
Dodging        | 3 |  3.9
Shields        | 2 |  2.9
Maces & Flails | |  0.7
Stealth        | |  2.6

Action                   |  1- 3 |  4- 6 |  7- 9 | 10-12 || total
-------------------------+-------+-------+-------+-------++-------
Melee: Whip              |    16 |       |       |       ||    16
       Short sword       |   138 |       |       |       ||   138
       Quarterstaff      |    40 |   172 |       |       ||   212
       Staff             |       |    62 |   278 |    50 ||   390
       War axe           |       |       |    29 |     4 ||    33
Throw: Tomahawk          |       |       |    18 |     4 ||    22
       Stone             |       |       |     1 |       ||     1
Evoke: Wand              |       |     2 |     3 |       ||     5
  Use: Scroll            |       |     2 |    12 |     1 ||    15
 Stab: Sleeping          |       |     2 |       |       ||     2
       Distracted        |       |     1 |       |       ||     1
Armor: Robe              |     7 |       |       |       ||     7
       Ring mail         |    80 |   137 |   154 |    52 ||   423
Dodge: Dodged            |   149 |   221 |   139 |    26 ||   535
Block: Large shield      |       |       |   128 |    82 ||   210
